 Dungeon Crawl Stone Soup version 0.28-a0-500-g121bc3e445 (webtiles) character file.

Game seed: 14212080155425721258

289 avis the Skirmisher (level 6, 0/43 HPs)
             Began as an Octopode Transmuter on Sept 19, 2021.
             Slain by a phantom (5 damage)
             ... on level 3 of the Dungeon.
             The game lasted 00:20:08 (4224 turns).

avis the Skirmisher (Octopode Transmuter)           Turns: 4224, Time: 00:20:09

Health: 0/43       AC:  1    Str: 11    XL:     6   Next: 31%
Magic:  7/9        EV: 13    Int: 15    God:
Gold:   158        SH:  0    Dex: 13    Spells: 1/9 levels left

rFire   . . .      SeeInvis .   a - +2 dagger (vamp)
rCold   . . .      Faith    .   (no shield)
rNeg    . . .      Spirit   .   (helmet currently unavailable)
rPois   .          Reflect  .   (no amulet)
rElec   .          Harm     .   (no ring)
rCorr   .          Rampage  .   (no ring)
Will    .....                   (no ring)
Stlth   +++.......              (no ring)
HPRegen 0.14/turn               (no ring)
MPRegen 0.11/turn               (no ring)
                                (no ring)
                                (no ring)

@: appendages
A: tentacle spike 3, almost no armour, amphibious, 8 rings, camouflage 1,
gelatinous body 1, (nimble swimmer 1), tentacles
a: End Transformation


You were on level 3 of the Dungeon.
One of your tentacles had grown a beastly spike.
You visited 1 branch of the dungeon, and saw 4 of its levels.

You collected 158 gold pieces.

Inventory:

Hand Weapons
 a - a +2 vampiric dagger (weapon)
 i - a +0 vorpal hand axe
 j - a +0 dagger
Missiles
 d - 113 stones
 e - 22 sling bullets
 m - 9 poisoned darts (quivered)
 n - 30 arrows
Scrolls
 b - 2 scrolls of identify {unknown}
 c - a scroll of fog {unknown}
 f - a scroll of torment {unknown}
 g - a scroll of enchant weapon {unknown}
 h - a scroll of noise {unknown}
 k - a scroll of immolation {unknown}
 l - 4 scrolls of teleportation {unknown}
Potions
 o - a potion of magic {unknown}


   Skills:
 - Level 4.0 Fighting
 - Level 2.0 Dodging
 - Level 3.0 Stealth
 * Level 3.5 Unarmed Combat
 - Level 2.0 Spellcasting
 - Level 3.0 Transmutations
 - Level 3.0 Poison Magic


You had one spell level left.
You knew the following spells:

 Your Spells              Type           Power      Damage    Failure   Level
a - Beastly Appendage     Tmut           20%        N/A       6%          1
p - Spider Form           Tmut/Pois      5%         N/A       19%         3
q - Ice Form              Ice/Tmut       6%         N/A       75%         4

Your spell library contained the following spells:

 Spells                   Type           Power      Damage    Failure   Level
 Foxfire                  Conj/Fire      4%         2x1d4     22%         1
 Magic Dart               Conj           4%         1d3       22%         1
 Wereblood                Tmut           10%        N/A       10%         2
 Call Imp                 Summ           1%         N/A       32%         2
 Mephitic Cloud           Conj/Pois/Air  4%         N/A       41%         3
 Conjure Flame            Conj/Fire      1%         6-21      54%         3
 Inner Flame              Hex/Fire       1%         N/A       54%         3
 Flame Wave               Conj/Fire      1%         3d3       91%         4


Dungeon Overview and Level Annotations

Branches:
Dungeon (4/15)
 Temple: D:4-7

Altars:


Innate Abilities, Weirdness & Mutations

One of your tentacles has grown a beastly spike.
You cannot wear most types of armour.
You are amphibious.
You can wear up to eight rings at the same time.
Your skin changes colour to match your surroundings (Stealth+).
Your rubbery body absorbs attacks. (AC +1, EV +1)
((You are camouflaged near water. (Stealth+)))
You have tentacles for arms and can constrict up to eight enemies at once.


Message History

You hit the phantom.
The phantom is heavily damaged.
The phantom completely misses you.
You hit the phantom but do no damage.
The phantom is heavily damaged.
The phantom hits you.
You closely miss the phantom.
The phantom is heavily damaged.
The phantom hits you!
* * * LOW HITPOINT WARNING * * *
The phantom blinks!
You blink.
You barely miss the phantom.
The phantom is heavily damaged.
The phantom barely misses you.
You hit the phantom but do no damage.
The phantom is moderately damaged.
The phantom hits you.
* * * LOW HITPOINT WARNING * * *
You hit the phantom.
The phantom is heavily damaged.
The phantom barely misses you.
You closely miss the phantom.
The phantom is heavily damaged.
The phantom completely misses you.
You hit the phantom but do no damage.
The phantom is heavily damaged.
Your transformation has ended.
Your +2 vampiric dagger unmelds from your body.
You feel a sense of dread.
Casting: Spider Form (quite dangerous; 19% risk of failure)
Confirm with . or Enter, or press ? or * to list all spells.
One of your tentacles grows a vicious spike.
The phantom hits you.
* * * LOW HITPOINT WARNING * * *
You hit the phantom.
You pierce the phantom, but do no damage.
You squeeze the phantom.
The phantom is severely damaged.
The phantom hits you.
You die...

###.### ...<#
######## .####
#......# ##
#<.....# #
#..>...# #..†...#
#......#
#######......#
#..........@.#
####.#####...W..#
###....# #......#
....#### ########
##### #


You could see a phantom.

Vanquished Creatures
  Purgy (D:3)
  An iguana (D:4)
  A howler monkey skeleton (D:4)
  4 gnolls (D:3)
  3 adders
  An ufetubus (D:3)
  4 worms
  3 dart slugs
  4 orcs
  11 endoplasms
  2 giant cockroaches
  5 goblins
  6 hobgoblins
  4 jackals (D:2)
  8 kobolds
  3 quokkas
  6 ball pythons
  A bat (D:1)
  A frilled lizard (D:2)
  2 rats
71 creatures vanquished.

Notes
Turn   | Place    | Note
-------+----------+-------------------------------------------
     0 | D:1      | avis the Octopode Transmuter began the quest for the Orb.
     0 | D:1      | Reached XP level 1. HP: 13/13 MP: 3/3
   221 | D:1      | Reached skill level 2 in Fighting
   221 | D:1      | Reached XP level 2. HP: 7/19 MP: 3/5
   491 | D:1      | Reached skill level 1 in Stealth
  1096 | D:1      | Reached XP level 3. HP: 24/24 MP: 4/6
  1116 | D:1      | Learned a level 3 spell: Spider Form
  1136 | D:1      | Found a faded altar of an unknown god.
  1757 | D:2      | Reached skill level 1 in Poison Magic
  2465 | D:3      | Reached XP level 4. HP: 29/29 MP: 7/7
  2924 | D:3      | Noticed Purgy
  3063 | D:3      | Killed Purgy
  3064 | D:3      | Reached skill level 3 in Fighting
  3064 | D:3      | Reached XP level 5. HP: 8/36 MP: 6/8
  3735 | D:3      | Reached XP level 6. HP: 15/43 MP: 5/9
  3976 | D:4      | Reached skill level 4 in Fighting
  4204 | D:3      | Learned a level 4 spell: Ice Form
  4224 | D:3      | Slain by a phantom

Illustrated notes

Levels and vault maps discovered:
D:1:      scummos_arrival_simple_crosswalls, layout_rooms,
          basic_ecumenical_altar
D:2:      minmay_skewed_foursquare, layout_basic, minmay_crystal_water
D:3:      layout_rooms, kennysheep_donut, uniq_purgy
D:4:      layout_rooms, grunt_decor_fettered, st_stairs_14,
          chequers_serial_rivers_large_b

Skill      XL: |  1  2  3  4  5  6 |
---------------+-------------------+-----
Fighting       | 2 3 4 |  4.0
Stealth        | 1 3 |  3.0
Transmutations | 3 |  3.0
Poison Magic   | 2 3 |  3.0
Dodging        | |  2.0
Unarmed Combat | |  3.5
Spellcasting   | |  2.0

Action                   |  1- 3 |  4- 6 || total
-------------------------+-------+-------++-------
Melee: Unarmed           |    69 |    65 ||   134
       Dagger            |    17 |    23 ||    40
       Kick              |    20 |     1 ||    21
       Constrict         |    16 |     6 ||    22
       Tentacles         |     9 |     5 ||    14
Throw: Dart              |    44 |    30 ||    74
       Stone             |       |     3 ||     3
 Cast: Beastly Appendage |    31 |     4 ||    35
       Spider Form       |     1 |    12 ||    13
 Stab: Sleeping          |     5 |     1 ||     6
       Distracted        |       |     1 ||     1
Armor: Skin              |     6 |     3 ||     9
Dodge: Dodged            |    47 |    84 ||   131

Table legend: (Time is in decaauts)
 A = Elapsed time spent in this place.
 B = Non-inter-level travel time spent in this place.
 C = Inter-level travel time spent in this place.
 D = Time resting spent in this place.
 E = Time spent auto-exploring this place.
 F = Levels seen in this place.
 G = Mean time per level.
                   A        B        C        D        E       F      G
               +--------+--------+--------+--------+--------+-----+--------+
         Total |   4225 |   3901 |    324 |   1746 |    994 |   4 | 1056.2 |
       Dungeon |   4225 |   3901 |    324 |   1746 |    994 |   4 | 1056.2 |
               +--------+--------+--------+--------+--------+-----+--------+

Top non-repeatable levels by time:
     D:3: 1615 daAuts
     D:1: 1407 daAuts
     D:2: 1079 daAuts
     D:4: 124 daAuts
